 Dungeon Crawl Stone Soup version 0.32-a0-814-g0968bab981 (webtiles) character file.

Game seed: 2181467669321673027

108446 Armakuni the Destroyer (level 16, 0/109 HPs)
             Began as a Human Artificer on Mar 16, 2024.
             Was an Initiate of Gozag.
             Killed by the raging water
             ... invoked by a water nymph
              (29 damage)
             ... on level 1 of the Shoals on Mar 23, 2024.
             The game lasted 01:46:16 (30079 turns).

Armakuni the Destroyer (Human Artificer)           Turns: 30079, Time: 01:46:17

Health: 0/109      AC: 21    Str: 22    XL:     16   Next: 49%
Magic:  30/30      EV: 14    Int: 21    God:    Gozag
Gold:   1229       SH:  5    Dex: 14    Spells: 8/35 levels left

rFire   + + .        a - +8 quarterstaff (spect)
rCold   + . .        (shield currently unavailable)
rNeg    . . .        u - +4 ring mail of the Decaying God {rF+}
rPois   .            n - +1 hat of Pride {Str+5 Int+2}
rElec   .            B - scarf {rC+ rF+}
rCorr   .            j - +1 pair of gloves of Midsummer {Int+4}
SInv    .            (no boots)
Will    +....        H - amulet of reflection
Stlth   +            W - ring of the Mage {Wiz Archmagi}
HPRegen 0.38/turn    A - ring of the Tortoise {AC+8}
MPRegen 0.22/turn

%: reflection, wizardry (x1), archmagi
@: studying 2 skills, very slow
A: explore regen
a: Renounce Religion, Potion Petition, Call Merchant, Bribe Branch


You were on level 1 of the Shoals.
You worshipped Gozag.
Gozag was most pleased with you.
You visited 6 branches of the dungeon, and saw 25 of its levels.
You also visited: Gauntlet.

You collected 9803 gold pieces.
You spent 3404 gold pieces at shops.
You paid 5170 gold pieces to Gozag.

Inventory:

Hand Weapons
 a - a +8 spectral quarterstaff (weapon)
 c - a -2 demon whip of venom
Armour
 j - the +1 pair of gloves of Midsummer (worn) {Int+4}
   (You found it on level 8 of the Dungeon)

   Int+4:     It affects your intelligence (+4).
 n - the +1 hat of Pride (worn) {Str+5 Int+2}
   (You found it in a Gauntlet)

   Str+5:     It affects your strength (+5).
   Int+2:     It affects your intelligence (+2).
 u - the +4 ring mail of the Decaying God (worn) {rF+}
   (You bought it in a shop on level 9 of the Dungeon)

   rF+:       It protects you from fire.
 B - a scarf of resistance (worn)
 T - a +2 buckler
Magical Staves
 b - a staff of conjuration
Jewellery
 s - a ring of willpower
 A - the ring of the Tortoise (right hand) {AC+8}
   (You found it on level 5 of the Lair of Beasts)

   [ring of protection]

   AC+8:      It affects your AC (+8).
 H - an amulet of reflection (around neck)
 N - a ring of see invisible
 P - a ring of poison resistance
 R - an amulet of regeneration
 W - the ring of the Mage (left hand) {Wiz Archmagi}
   (You bought it in a shop on level 1 of the Lair of Beasts)

   [ring of wizardry]

   Wiz:       It improves your spell success rate.
   Archmagi:  It increases the power of your magical spells.
Wands
 m - a wand of mindburst (12)
 w - a wand of warping (22)
Scrolls
 d - 6 scrolls of fog
 p - 4 scrolls of vulnerability
 t - a scroll of torment
 v - a scroll of poison
 y - 3 scrolls of blinking
 z - a scroll of immolation
 C - 9 scrolls of teleportation
 F - a scroll of amnesia
 J - a scroll of revelation
 O - a scroll of noise
 S - a scroll of silence
Potions
 e - 3 potions of curing
 g - 4 potions of enlightenment
 h - 2 potions of invisibility
 i - 2 potions of resistance
 k - 3 potions of haste
 q - 3 potions of brilliance
 r - 6 potions of ambrosia
 x - 3 potions of magic
 G - 4 potions of mutation
 I - 3 potions of lignification
 L - 2 potions of attraction
 M - 2 potions of might
 Q - a potion of heal wounds
Miscellaneous
 f - a phial of floods
 l - a lightning rod (4/4)
 K - a box of beasts (inert)


   Skills:
 - Level 5.0 Fighting
 - Level 14.0 Staves
 - Level 5.0 Armour
 - Level 10.0 Dodging
 - Level 1.0 Stealth
 - Level 4.0 Shields
 - Level 10.0 Spellcasting
 + Level 14.5 Conjurations
 - Level 5.0 Translocations
 - Level 10.0 Fire Magic
 - Level 5.0 Earth Magic
 - Level 10.0 Evocations


You had 8 spell levels left.
You knew the following spells:

 Your Spells              Type           Power      Damage    Failure   Level
a - Apportation           Tloc           94%        N/A       1%          1
b - Blink                 Tloc           94%        N/A       1%          2
f - Fireball              Conj/Fire      37%        3d15      1%          5
l - Lesser Beckoning      Tloc           94%        N/A       1%          2
m - Iskenderun's Mystic   Conj/Tloc      67%        2d14      1%          4
s - Sticky Flame          Fire/Alch      47%        2d9       5%          4
w - Passwall              Erth           47%        N/A       1%          3
z - Bombard               Conj/Erth      33%        9d6       12%         6

Your spell library contained the following spells:

 Spells                   Type           Power      Damage    Failure   Level
 Sandblast                Erth           94%        2d19      1%          1
 Momentum Strike          Conj/Tloc      100%       3d10      1%          2
 Gell's Gravitas          Tloc           47%        N/A       1%          3
 Hailstorm                Conj/Ice       57%        3d11      1%          3
 Inner Flame              Hex/Fire       47%        N/A       1%          3
 Stone Arrow              Conj/Erth      100%       3d13      1%          3
 Teleport Other           Tloc           47%        N/A       1%          3
 Volatile Blastmotes      Fire/Tloc      100%       2d18      1%          3
 Brom's Barrelling Bould  Conj/Erth      67%        2d8       1%          4
 Flame Wave               Conj/Fire      75%        2d17      1%          4
 Slow                     Hex            60%        N/A       4%          1
 Ignite Poison            Fire/Alch      47%        N/A       5%          4
 Passage of Golubria      Tloc           47%        N/A       5%          4
 Call Imp                 Summ           30%        N/A       6%          2
 Cigotuvi's Dreadful Rot  Necr/Alch/Air  30%        N/A       6%          2
 Ensorcelled Hibernation  Hex/Ice        30%        N/A       6%          2
 Jinxbite                 Hex            30%        N/A       6%          2
 Sublimation of Blood     Necr           15%        N/A       6%          2
 Confusing Touch          Hex            15%        N/A       12%         3
 Summon Ice Beast         Ice/Summ       15%        N/A       12%         3
 Swiftness                Air            15%        N/A       12%         3
 Tukima's Dance           Hex            15%        N/A       12%         3
 Vampiric Draining        Necr           15%        2d7       12%         3
 Dimensional Bullseye     Hex/Tloc       15%        N/A       14%         4
 Leda's Liquefaction      Alch/Erth      15%        N/A       14%         4
 Lee's Rapid Deconstruct  Erth           23%        3d13*     14%         5
 Freezing Cloud           Conj/Ice/Air   23%        6-21      16%         5
 Dispel Undead            Necr           15%        3d10      36%         4
 Martyr's Knell           Necr/Summ      15%        N/A       36%         4
 Summon Forest            Summ/Tloc      15%        N/A       36%         5
 Dispersal                Tloc           23%        N/A       58%         6
 Alistair's Intoxication  Alch           10%        N/A       69%         5
 Silence                  Hex/Air        7%         N/A       69%         5
 Summon Mana Viper        Hex/Summ       15%        N/A       69%         5
 Permafrost Eruption      Ice/Erth       15%        2x4d5     89%         6
 Sculpt Simulacrum        Ice/Alch       7%         N/A       99%         6
 Summon Cactus Giant      Summ           7%         N/A       99%         6
 Lehudib's Crystal Spear  Conj/Erth      33%        10d9      99%         8
 Haunt                    Necr/Summ      7%         N/A       100%        7
 Summon Hydra             Summ           7%         N/A       100%        7
 Borgnjor's Revivificati  Necr           7%         N/A       100%        8
 Disjunction              Tloc           23%        N/A       100%        8
 Death's Door             Necr           7%         N/A       100%        9


Dungeon Overview and Level Annotations

Branches:
Dungeon (15/15)            Temple (1/1) D:6            Lair (5/5) D:9
 Shoals (1/4) Lair:2       Spider (1/4) Lair:2        Slime (0/5) Lair:5
    Orc (2/2) D:9             Elf (0/3) Orc:2        Vaults (0/5) D:14
 Depths (0/4) D:15        Gauntlet (visited)

Altars:
Ashenzari
Cheibriados
Dithmenos
Elyvilon
Fedhas
Gozag
Hepliaklqana
Kikubaaqudgha
Makhleb
Nemelex Xobeh
Okawaru
Qazlal
Ru
Sif Muna
Trog
Uskayaw
Vehumet
Wu Jian
Xom
Yredelemnul
Zin
The Shining One
Beogh
Jiyva

Shops:
D:7 (   D:8 *?   D:9 [   D:12 *   D:13 ?   Orc:1 **   Orc:2 =[:::   Lair:1 =
Lair:2 ?

Annotations:
D:8 2 runed translucent doors
Spider:1 Agnes


Innate Abilities, Weirdness & Mutations

You regain HP and MP as you explore.


Message History

This branch is noisy: sounds don't travel as far here.
This branch contains the barnacled rune of Zot.
The water nymph touches you. The water nymph drowns you!
The water nymph's watery aura covers the staircase back to the Lair.
Splash!
You fall into the shallow water.
Moving in this stuff is going to be slow.
The water nymph points at you and mumbles some strange words.
The water swirls and strikes you.
Unknown command.
Your unstable footing causes you to fumble your attack.
You block the merfolk's attack.
Your unstable footing causes you to fumble your attack.
The water nymph gestures at you while chanting.
The water swirls and strikes you!!
You sock the water nymph!
The water nymph is moderately wounded.
Your +8 spectral quarterstaff closely misses the water nymph.
The merfolk hits you from afar with a +0 trident.
The water nymph casts a spell at you. The water swirls and strikes you!!
Your unstable footing causes you to fumble your attack.
Your +8 spectral quarterstaff disappears.
You closely miss the water nymph.
The water nymph is moderately wounded.
Your +8 spectral quarterstaff hits the water nymph!
The merfolk hits you from afar with a +0 trident!
* * * LOW HITPOINT WARNING * * *
The water nymph barely misses you.
You completely miss the water nymph.
The water nymph is heavily wounded.
Your +8 spectral quarterstaff hits the water nymph.
The merfolk misses you.
You hit the water nymph but do no damage.
The water nymph is severely wounded.
Your +8 spectral quarterstaff hits the water nymph.
The water nymph gestures at you while chanting.
The water swirls and strikes you!!
You die...
Your body crumbles into a pile of gold.

.............≈#m.
...>.$.......≈#m) .
#......≈# ..
#.=....≈## ~..
#..§...≈≈##+ ~~..
#..$$..≈≈≈.. ~....##
#..$~~.~≈≈..
~~....$##~.....~~...
~~~....@mm.....~~..)
~~~~...~(~.....§~~..
~...~.........~§§~~.
~...~~.......~$~§~~.
~~..~~~..~.~~~~~§~~~
~~~~~~~~~~~~~.~≈~
~~~~≈≈~~~.~~~.~~~
..~~~~~~~~~~~..~~


You could see a merfolk, a water nymph and a friendly +8 spectral quarterstaff.

Vanquished Creatures
  Jorgrun (D:15)
  Rupert (Lair:3)
  Gastronok (Lair:2)
  A minotaur (Gauntlet)
  An ettin (D:15)
  Josephine (D:13)
  A vault guard (D:14)
  The ghost of shadizar the Arsonist, a journeyman DjFE of Makhleb (Lair:1)
  A fire dragon (D:15)
  Harold (D:10)
  5 hydras
  3 ogre magi (Orc:2)
  8 two-headed ogres
  3 catoblepae
  5 centaur warriors
  4 boulder beetles
  A deep troll shaman (Lair:5)
  An orc high priest (Orc:2)
  15 death yaks
  A tengu warrior (D:15)
  Urug (Lair:1)
  Nergalle (Lair:1)
  Amaemon (Lair:1)
  3 skysharks
  A hell knight (D:15)
  2 sea snakes (Shoals:1)
  4 arcanists (D:14)
  A lindwurm (Lair:5)
  A deep elf pyromancer (D:15)
  3 orc knights (Orc:2)
  15 ugly things
  4 manticores
  6 cyclopes
  Joseph (D:7)
  4 meliai
  2 black mambas (Lair:4)
  A torpor snail (Lair:4)
  A kobold blastminer (Orc:2)
  10 elephants
  A black mamba (shapeshifter) (D:14)
  A water nymph (Shoals:1)
  An orange demon (Lair:1)
  10 cane toads
  A gargoyle (D:13)
  4 rime drakes
  An unseen horror (D:11)
  A yaktaur (D:14)
  2 efreet
  11 komodo dragons
  Psyche (D:10)
  2 tengu conjurers (D:15)
  A queen bee (Lair:1)
  7 polar bears
  A merfolk (Shoals:1)
  3 hornets
  6 trolls
  A tarantella (Lair:2)
  17 blink frogs
  7 dream sheep (Lair:3)
  Prince Ribbit (D:5)
  7 slime creatures
  A snapping turtle (Shoals:1)
  A centaur simulacrum (Gauntlet)
  3 jumping spiders (Lair:2)
  A culicivora (Lair:2)
  A vampire (D:14)
  Sigmund (D:4)
  A shadow (D:8)
  11 wraiths
  3 wyverns
  16 humans (D:14)
  6 basilisks
  7 wargs
  3 vampire mosquitoes
  39 yaks
  4 redbacks (Lair:2)
  3 steam dragons
  Edmund (D:5)
  2 harpy simulacra (Gauntlet)
  18 water moccasins
  4 acid dragons
  5 black bears
  27 orc warriors
  5 ice beasts
  9 ogres
  11 wolves
  3 phantoms (D:6)
  10 centaurs
  4 kobold brigands
  18 bullfrogs
  A gnoll sergeant (D:8)
  A scorpion (D:7)
  2 wights (D:8)
  6 killer bees
  2 vampire bats (D:7)
  An electric eel (Lair:2)
  2 howler monkeys
  A quasit (D:6)
  A jelly (D:3)
  12 orc priests
  4 hounds
  2 sleepcaps
  Jessica (D:2)
  4 iguanas
  Ijyb (D:4)
  13 orc wizards
  14 hell rats
  10 adders
  A shadow imp (D:6)
  A white imp (D:8)
  8 ufetubi
  2 ribbon worms (D:2)
  78 orcs
  8 bats
  3 bat skeletons (D:7)
  2 bat zombies (D:7)
  7 endoplasms
  4 giant cockroaches
  5 goblins
  3 hobgoblins
  A jackal (D:1)
  4 quokkas (D:3)
  9 ball pythons
  3 frilled lizards
  21 kobolds
  8 rats
669 creatures vanquished.

Vanquished Creatures (collateral kills)
  A vault guard (D:14)
  A two-headed ogre (Orc:2)
  2 orc knights (Orc:2)
  A yak (D:9)
  4 orc warriors
  An orc priest (D:9)
  4 orcs
  A jackal (D:1)
  2 kobolds
17 creatures vanquished.

Vanquished Creatures (others)
  An orc knight (Orc:2)
  An unseen horror (D:8)
  2 yaks
  2 wargs (Orc:2)
  A water elemental (D:14)
  An electric eel (D:14)
  An orc priest (D:9)
  A hobgoblin (D:1)
  A jackal (D:1)
  7 spectral weapons
18 creatures vanquished.

Grand Total: 704 creatures vanquished

Notes
Turn   | Place    | Note
-------+----------+-------------------------------------------
     0 | D:1      | Armakuni the Human Artificer began the quest for the Orb.
     0 | D:1      | Reached XP level 1. HP: 15/15 MP: 1/1
   275 | D:1      | Reached XP level 2. HP: 7/21 MP: 2/2
   867 | D:2      | Reached XP level 3. HP: 23/26 MP: 3/3
  1415 | D:2      | Reached XP level 4. HP: 19/32 MP: 4/4
  1557 | D:2      | Reached skill level 5 in Evocations
  1571 | D:2      | Learned a level 1 spell: Apportation
  1595 | D:2      | Found a bloodstained altar of Trog.
  1838 | D:2      | Noticed Jessica
  1846 | D:2      | Killed Jessica
  2042 | D:3      | Found a basalt altar of Yredelemnul.
  2091 | D:3      | Reached XP level 5. HP: 35/37 MP: 5/5
  2178 | D:3      | Identified the +5 sling "Selat" {heavy, *Corrode rF+++
                  | Will++ Str-3}
  2848 | D:4      | Noticed Sigmund
  2868 | D:4      | Killed Sigmund
  2869 | D:4      | Reached XP level 6. HP: 13/43 MP: 6/6
  2870 | D:4      | Found a burning altar of Makhleb.
  3240 | D:4      | Reached XP level 7. HP: 48/48 MP: 7/7
  3358 | D:4      | Noticed Ijyb
  3360 | D:4      | Killed Ijyb
  3502 | D:4      | Found an opulent altar of Gozag.
  3575 | D:4      | Became a worshipper of Gozag Ym Sagoz the Greedy
  3685 | D:4      | Found a white marble altar of Elyvilon.
  3809 | D:5      | Entered Level 5 of the Dungeon
  3921 | D:5      | Learned a level 3 spell: Passwall
  3935 | D:5      | Noticed Edmund
  3938 | D:5      | Killed Edmund
  3939 | D:5      | Reached XP level 8. HP: 51/54 MP: 8/8
  3973 | D:5      | Noticed Prince Ribbit
  3988 | D:5      | Killed Prince Ribbit
  4050 | D:5      | Reached skill level 10 in Evocations
  4083 | D:5      | Found a sparkling altar of Nemelex Xobeh.
  5064 | D:5      | Reached skill level 5 in Fighting
  5428 | D:6      | Found a broken altar of Ashenzari.
  5488 | D:6      | Reached XP level 9. HP: 48/68 MP: 9/9
  5922 | D:6      | Found a staircase to the Ecumenical Temple.
  5956 | Temple   | Entered the Ecumenical Temple
  6270 | D:6      | Found a shimmering blue altar of Sif Muna.
  6277 | D:6      | Found a shadowy altar of Dithmenos.
  6278 | D:6      | Found a snail-covered altar of Cheibriados.
  6635 | D:7      | Noticed Joseph
  6673 | D:7      | Killed Joseph
  6674 | D:7      | Reached skill level 5 in Armour
  6674 | D:7      | Reached skill level 5 in Dodging
  7400 | D:7      | Reached skill level 5 in Staves
  7424 | D:7      | Reached XP level 10. HP: 53/74 MP: 10/10
  7800 | D:7      | Found an ancient bone altar of Kikubaaqudgha.
  8021 | D:7      | Bought a glowing quarterstaff for 266 gold pieces
  8069 | D:8      | Found Junwa's Magic Scroll Boutique.
  8074 | D:8      | Bought a scroll of enchant weapon for 112 gold pieces
  8076 | D:8      | Bought a scroll of identify for 30 gold pieces
  8076 | D:8      | Bought a scroll of identify for 30 gold pieces
  8076 | D:8      | Bought a scroll of identify for 30 gold pieces
  8188 | D:8      | Found a radiant altar of Vehumet.
  8255 | D:8      | Found a large runed translucent door.
  8257 | D:8      | Found a large runed translucent door.
  8259 | D:8      | Noticed a cyan ugly thing
  8267 | D:8      | Found a large runed translucent door.
  8267 | D:8      | Found a large runed translucent door.
  8326 | D:8      | Identified the +1 pair of gloves of Midsummer {Int+4}
  8693 | D:8      | Got the Monograph on the Assembled Salamander
  8794 | D:8      | Killed an unseen horror
  8980 | D:8      | Got the Codex of Debased Acts and Locality
  9244 | D:8      | Identified a scroll of acquirement
  9244 | D:8      | Acquired 1196 gold pieces
  9620 | D:8      | Bought a scroll labelled COZIUL MYCIXIM for 23 gold pieces
  9620 | D:8      | Bought a scroll of identify for 46 gold pieces
  9620 | D:8      | Bought a lumpy sapphire potion for 20 gold pieces
  9620 | D:8      | Bought a red potion for 20 gold pieces
  9663 | D:8      | Bought a glowing ring mail for 161 gold pieces
  9858 | D:9      | Reached skill level 10 in Staves
 10117 | D:9      | Found a staircase to the Lair.
 10221 | D:9      | Found a roughly hewn altar of Beogh.
 10253 | D:9      | Reached XP level 11. HP: 38/79 MP: 11/11
 10954 | D:9      | Found a staircase to the Orcish Mines.
 11728 | D:9      | Bought a dazzling ring mail for 234 gold pieces
 11728 | D:9      | Identified the +4 ring mail of the Decaying God {rF+} (You
                  | bought it in a shop on level 9 of the Dungeon)
 11743 | D:9      | Bought a translucent ring mail for 234 gold pieces
 11743 | D:9      | Identified the +2 ring mail of Unreason {Harm rN+ Will+}
                  | (You bought it in a shop on level 9 of the Dungeon)
 11749 | D:10     | Entered Level 10 of the Dungeon
 11775 | D:10     | Noticed Harold
 11799 | D:10     | Killed Harold
 12134 | D:10     | Noticed Psyche
 12147 | D:10     | Killed Psyche
 13125 | D:11     | Noticed a manticore
 13144 | D:11     | Killed a manticore
 13406 | D:11     | Noticed a cyclops
 13414 | D:11     | Killed a cyclops
 13415 | D:11     | Reached XP level 12. HP: 71/86 MP: 12/12
 13634 | D:12     | Found Ude Baoxezo's General Store.
 13639 | D:12     | Bought a scroll of immolation for 44 gold pieces
 13678 | D:12     | Found a gate leading to a gauntlet.
 13694 | Gauntlet | Entered a Gauntlet
 13694 | Gauntlet | Found a transporter.
 13703 | Gauntlet | Found a transporter.
 13719 | Gauntlet | Found a transporter.
 13720 | Gauntlet | Noticed a catoblepas
 13723 | Gauntlet | Found a transporter.
 13743 | Gauntlet | Found a transporter.
 13756 | Gauntlet | Found a transporter.
 13758 | Gauntlet | Noticed a catoblepas
 13761 | Gauntlet | Found a transporter.
 13765 | Gauntlet | Found a transporter.
 13784 | Gauntlet | Found a large runed translucent door.
 13784 | Gauntlet | Found a large runed translucent door.
 13785 | Gauntlet | Found a large runed translucent door.
 13785 | Gauntlet | Noticed a catoblepas
 13786 | Gauntlet | Found a large runed translucent door.
 13787 | Gauntlet | Found a runed translucent gate.
 13788 | Gauntlet | Found a transporter.
 13788 | Gauntlet | Found a runed translucent gate.
 13789 | Gauntlet | Found a runed translucent gate.
 13791 | Gauntlet | Found a large runed translucent door.
 13792 | Gauntlet | Found a large runed translucent door.
 13799 | Gauntlet | Found a large runed translucent door.
 13800 | Gauntlet | Found a large runed translucent door.
 13800 | Gauntlet | Found a large runed translucent door.
 13801 | Gauntlet | Found a large runed translucent door.
 13801 | Gauntlet | Found a large runed translucent door.
 13801 | Gauntlet | Found a runed translucent door.
 13801 | Gauntlet | Found a runed translucent door.
 13802 | Gauntlet | Found a large runed translucent door.
 13803 | Gauntlet | Found a large runed translucent door.
 13805 | Gauntlet | Found a transporter.
 13809 | Gauntlet | Found a transporter.
 13812 | Gauntlet | Found a large runed translucent door.
 13812 | Gauntlet | Found a large runed translucent door.
 13817 | Gauntlet | Found a transporter.
 13841 | Gauntlet | Found a large runed translucent door.
 13937 | Gauntlet | Identified the +1 hat of Pride {Str+5 Int+2}
 13951 | Gauntlet | Killed a catoblepas
 13952 | Gauntlet | Reached skill level 1 in Conjurations
 13998 | Gauntlet | Noticed a minotaur
 14017 | Gauntlet | Killed a minotaur
 14166 | D:12     | Learned a level 4 spell: Iskenderun's Mystic Blast
 14193 | D:12     | Noticed a boulder beetle
 14205 | D:12     | Killed a boulder beetle
 14232 | D:12     | Noticed a centaur warrior
 14473 | D:12     | Noticed a two-headed ogre
 14481 | D:12     | Killed a two-headed ogre
 14531 | D:12     | Noticed a two-headed ogre
 14531 | D:12     | Noticed a boulder beetle
 14538 | D:12     | Killed a two-headed ogre
 14539 | D:12     | Reached skill level 5 in Conjurations
 14782 | D:12     | Killed a centaur warrior
 14938 | Orc:1    | Entered Level 1 of the Orcish Mines
 15104 | Orc:1    | Found Xouv Poi's Specific Store.
 15154 | Orc:1    | Found Durch's General Store.
 15300 | Orc:2    | Entered Level 2 of the Orcish Mines
 15439 | Orc:2    | Found a staircase to the Elven Halls.
 15541 | Orc:2    | Found Taxoz's Jewellery Boutique.
 15638 | Orc:2    | Noticed an ogre mage
 15646 | Orc:2    | Noticed a two-headed ogre
 15649 | Orc:2    | Killed an ogre mage
 15652 | Orc:2    | Killed a two-headed ogre
 15653 | Orc:2    | Reached XP level 13. HP: 81/91 MP: 13/13
 15771 | Orc:2    | Reached skill level 10 in Conjurations
 15777 | Orc:2    | Reached skill level 1 in Translocations
 16127 | Orc:2    | Reached skill level 5 in Translocations
 16127 | Orc:2    | Reached skill level 1 in Earth Magic
 16427 | Orc:2    | Found Yzepsauf's Book Boutique.
 16573 | Orc:2    | Found Nekh's Book Shop.
 16624 | Orc:2    | Found Mikoq's Armour Shop.
 16673 | Orc:2    | Reached skill level 5 in Earth Magic
 16929 | Orc:2    | Found a roughly hewn altar of Beogh.
 16959 | Orc:2    | Found Bekhaezuzuy's Book Boutique.
 16974 | Orc:2    | Found a roughly hewn altar of Beogh.
 17129 | Orc:2    | Bought a book of Spatial Translocations for 252 gold pieces
 17133 | Orc:2    | Learned a level 2 spell: Blink
 17136 | Orc:2    | Learned a level 2 spell: Lesser Beckoning
 17151 | Orc:2    | Bought a book of Flames for 476 gold pieces
 17214 | Lair:1   | Entered Level 1 of the Lair of Beasts
 17249 | Lair:1   | Reached skill level 1 in Spellcasting
 17575 | Lair:1   | Learned a level 4 spell: Sticky Flame
 17582 | Lair:1   | Noticed Urug
 17607 | Lair:1   | Killed Urug
 17714 | Lair:1   | Reached skill level 5 in Spellcasting
 17717 | Lair:1   | Noticed Amaemon
 17744 | Lair:1   | Killed Amaemon
 17784 | Lair:1   | Noticed Nergalle
 17792 | Lair:1   | Killed Nergalle
 17793 | Lair:1   | Noticed shadizar's ghost (journeyman DjFE)
 17797 | Lair:1   | Reached XP level 14. HP: 85/98 MP: 21/23
 17824 | Lair:1   | Found a transporter.
 17857 | Lair:1   | Found a transporter.
 18487 | Lair:2   | Found a staircase to the Shoals.
 18611 | Lair:2   | Noticed Gastronok
 18640 | Lair:2   | Killed Gastronok
 18696 | Lair:2   | Found a hole to the Spider Nest.
 20183 | Lair:3   | Noticed Rupert
 20188 | Lair:2   | Bought a scroll of blinking for 135 gold pieces
 20188 | Lair:2   | Bought a scroll of teleportation for 54 gold pieces
 20188 | Lair:2   | Bought a scroll of immolation for 72 gold pieces
 20189 | Lair:2   | Bought a scroll of identify for 36 gold pieces
 20393 | Lair:3   | Reached skill level 10 in Spellcasting
 20403 | Lair:3   | Reached skill level 1 in Fire Magic
 20513 | Lair:3   | Killed Rupert
 20688 | Lair:3   | Acquired 531 gold pieces
 21265 | Lair:3   | Reached skill level 5 in Fire Magic
 21577 | Lair:4   | Learned a level 5 spell: Fireball
 22257 | Lair:5   | Entered Level 5 of the Lair of Beasts
 22355 | Lair:4   | Reached XP level 15. HP: 75/103 MP: 25/29
 23177 | Lair:5   | Found the ring of the Tortoise {AC+8}
 23228 | Lair:5   | Reached skill level 10 in Fire Magic
 23707 | Lair:5   | Found a viscous altar of Jiyva.
 23708 | Lair:5   | Found a staircase to the Slime Pits.
 24023 | Lair:1   | Killed shadizar's ghost
 24185 | Lair:1   | Bought the ring of the Mage {Wiz Archmagi} for 714 gold
                  | pieces
 24185 | Lair:1   | Found the ring of the Mage {Wiz Archmagi}
 24199 | Lair:1   | Learned a level 6 spell: Bombard
 24328 | D:13     | Reached skill level 10 in Dodging
 24869 | D:13     | Found Mirreic's Magic Scroll Emporium.
 24872 | D:13     | Bought a scroll of teleportation for 30 gold pieces
 24872 | D:13     | Bought a scroll of poison for 40 gold pieces
 24872 | D:13     | Bought 2 scrolls of enchant weapon for 150 gold pieces
 24872 | D:13     | Bought a scroll of amnesia for 40 gold pieces
 24872 | D:13     | Bought a scroll of revelation for 75 gold pieces
 24874 | D:13     | Bought a scroll of fog for 40 gold pieces
 24874 | D:13     | Bought a scroll of fog for 40 gold pieces
 25020 | D:13     | Noticed Josephine
 25040 | D:13     | Killed Josephine
 26535 | D:14     | Reached XP level 16. HP: 38/109 MP: 2/30
 26703 | D:14     | Found a gate to the Vaults.
 27197 | D:15     | Entered Level 15 of the Dungeon
 27197 | D:15     | Noticed Jorgrun
 27203 | D:15     | Killed Jorgrun
 27835 | D:15     | Found a staircase to the Depths.
 27900 | D:15     | Upgraded the game from 0.32-a0-732-ga344392067 to
                  | 0.32-a0-747-gc8563f6773
 28011 | D:15     | Upgraded the game from 0.32-a0-747-gc8563f6773 to
                  | 0.32-a0-814-g0968bab981
 28724 | D:15     | Found a blossoming altar of Fedhas.
 29267 | Spider:1 | Entered Level 1 of the Spider Nest
 29268 | Spider:1 | Noticed Agnes
 29339 | Shoals:1 | Entered Level 1 of the Shoals
 29764 | Lair:2   | HP: 5/109 [poisoned by a sea snake]
 29768 | Lair:2   | HP: 2/109 [poisoned by a sea snake]
 30079 | Shoals:1 | Killed from afar by a water nymph

Illustrated notes

Levels and vault maps discovered:
D:1:      lemuel_arrival_cross, layout_basic, kennysheep_another_room,
          due_unseen_surprise
D:2:      layout_basic, basic_altar, serial_bayou_pond_b, uniq_jessica
D:3:      layout_loops_ring, yredelemnul_altar_generic
D:4:      layout_rooms, nicolae_elyvilon_temple_path,
          nicolae_gozag_cash_rules_everything_around_me,
          mainiacjoe_overflow_catwalk, serial_rivers,
          chequers_serial_rivers_micro_c, chequers_serial_rivers_micro_c,
          chequers_serial_rivers_micro_c, chequers_serial_rivers_micro_c,
          chequers_serial_rivers_micro_a, chequers_serial_rivers_large_a,
          uniq_ijyb, uniq_sigmund
D:5:      nicolae_cairo_tiling_large_dashed, layout_layer_cave,
          nemelex_spade_bored_becter, eino_small_chamber_without_monster,
          uniq_prince_ribbit1, uniq_edmund
D:6:      layout_loops_cross, ashenzari_conservatory_becter,
          gammafunk_temple_overflow_forgotten, minmay_temple_entry_ruins,
          serial_demonic, serial_demonic_a, serial_demonic_g, serial_demonic_d,
          serial_demonic_b, minmay_manual_macuahuitl
D:7:      layout_basic, kennysheep_vampire_church, uniq_joseph
D:8:      layout_gridville, nicolae_vehumet_altar_sigil, serial_shops, shop,
          minmay_hollow_rounded_squares
D:9:      minmay_goldmine, layout_basic, erik_lair_orcish_takeover, david_orc_5,
          grunt_ministairs_2, minivault_23
D:10:     layout_grid_maze, uniq_psyche, uniq_harold
D:11:     layout_basic
D:12:     layout_rooms, gauntlet_entry_generic, serial_shops,
          nicolae_shop_hallway_stairs, nicolae_fountain_basement
D:13:     layout_stronghold, serial_shops, nicolae_shop_rolled_up,
          bh_walls_and_bars, uniq_josephine
D:14:     layout_cave_pools, grunt_vaults_entry_tiered, chequers_arboretum,
          lemuel_freeze_loot_1
D:15:     hangedman_depths_entry_civil_slaughter, layout_basic,
          fedhas_altar_fruit_tree, uniq_jorgrun
Temple:   nicolae_temple_bog_church
Lair:1:   layout_regular_city, gammafunk_ghost_hive, grunt_megastairs_3,
          uniq_nergalle, uniq_amaemon, uniq_urug
Lair:2:   layout_cave_pods, shoals_dummy_entry,
          nicolae_spider_entry_tight_spaces, nzn_random_ring, lemuel_fruit_tree,
          serial_bayou_shore_a, uniq_gastronok
Lair:3:   layout_cave_shapes, uniq_rupert
Lair:4:   layout_loops_ring, infiniplex_staircase_pool_2, lemuel_fruit_fields
Lair:5:   grunt_lair_end_beastmaster, layout_loops_ring, slime_entry_1
Shoals:1: layout_shoals, serial_shops, shop, nicolae_shoals_mertower,
          uniq_mlioglotl, uniq_nikola
Spider:1: layout_spider_delve, uniq_asterion, uniq_agnes, uniq_kirke
Orc:1:    layout_diamond_mine, nicolae_specific_store
Orc:2:    st_orc_town, layout_diamond_mine, serial_shops,
          nicolae_shop_just_a_little_nook, bh_open_orc_temple

Skill      XL: |  1  2  3  4  5  6  7  8  9 10 11 12 13 14 15 16 |
---------------+-------------------------------------------------+-----
Evocations     | 4 5 7 9 10 | 10.0
Fighting       | 5 |  5.0
Dodging        | 2 5 6 10 | 10.0
Armour         | 3 5 |  5.0
Staves         | 5 10 14 | 14.0
Shields        | 2 4 |  4.0
Conjurations   | 9 10 12 14 | 14.5
Translocations | 5 |  5.0
Earth Magic    | 5 |  5.0
Spellcasting   | 6 10 | 10.0
Fire Magic     | 7 10 | 10.0
Stealth        | |  1.0

Action                     |  1- 3 |  4- 6 |  7- 9 | 10-12 | 13-15 | 16-18 || total
---------------------------+-------+-------+-------+-------+-------+-------++-------
  Melee: Club              |    36 |       |       |       |       |       ||    36
         Short sword       |    65 |   134 |    86 |       |       |       ||   285
         Dire flail        |       |       |   110 |    36 |       |       ||   146
         Quarterstaff      |       |       |       |   592 |  1069 |   148 ||  1809
   Fire: Sling             |       |       |   130 |       |       |       ||   130
  Throw: Dart              |       |       |       |     4 |       |       ||     4
         Throwing net      |       |       |       |     5 |       |       ||     5
   Cast: Apportation       |       |       |       |     1 |       |     1 ||     2
         Sticky Flame      |       |       |       |       |    45 |     7 ||    52
         Fireball          |       |       |       |       |    11 |    13 ||    24
         Iskenderun's Myst |       |       |       |       |     3 |       ||     3
         Bombard           |       |       |       |       |       |    18 ||    18
 Invoke: Call Merchant     |       |       |       |     3 |     2 |       ||     5
         Potion Petition   |       |       |       |     1 |       |     1 ||     2
  Evoke: Wand              |     8 |     4 |    32 |    19 |    25 |       ||    88
         Lightning rod     |       |       |       |       |     4 |     2 ||     6
         Box of beasts     |       |       |       |       |       |     1 ||     1
    Use: Scroll            |     2 |     1 |     6 |    21 |    14 |     1 ||    45
         Potion            |       |       |     1 |     4 |     4 |     1 ||    10
   Stab: Sleeping          |     1 |     3 |       |       |       |       ||     4
         Distracted        |       |       |       |    13 |    28 |     5 ||    46
         Petrified         |       |       |       |       |     5 |       ||     5
         Petrifying        |       |       |       |       |     3 |       ||     3
 Armour: Leather armour    |    83 |    91 |   328 |   109 |       |       ||   611
         Ring mail         |       |       |       |   296 |   601 |   107 ||  1004
  Dodge: Dodged            |    90 |    70 |   263 |   253 |   415 |    55 ||  1146
  Block: Other             |       |       |    89 |   105 |    62 |    17 ||   273
         Reflection        |       |       |     5 |     5 |     3 |     3 ||    16

Table legend: (Time is in decaauts)
 A = Elapsed time spent in this place.
 B = Non-inter-level travel time spent in this place.
 C = Inter-level travel time spent in this place.
 D = Time resting spent in this place.
 E = Time spent auto-exploring this place.
 F = Levels seen in this place.
 G = Mean time per level.
                   A        B        C        D        E       F      G
               +--------+--------+--------+--------+--------+-----+--------+
         Total |  29690 |  28040 |   1650 |   3947 |  16834 |  26 | 1141.9 |
       Dungeon |  19446 |  18383 |   1063 |   2632 |  11169 |  15 | 1296.4 |
        Temple |      1 |      1 |      0 |      0 |      0 |   1 |    1.0 |
          Lair |   7583 |   7117 |    466 |    885 |   4328 |   5 | 1516.6 |
        Shoals |     59 |     59 |      0 |      0 |      0 |   1 |   59.0 |
   Spider Nest |      1 |      1 |      0 |      0 |      0 |   1 |    1.0 |
  Orcish Mines |   2171 |   2052 |    119 |    317 |   1196 |   2 | 1085.5 |
      Gauntlet |    426 |    426 |      0 |    112 |    141 |   1 |  426.0 |
               +--------+--------+--------+--------+--------+-----+--------+

Top non-repeatable levels by time:
  Lair:2: 2667 daAuts
     D:8: 2087 daAuts
     D:9: 1874 daAuts
    D:15: 1743 daAuts
     D:5: 1533 daAuts
   Orc:2: 1495 daAuts
     D:7: 1481 daAuts
    D:14: 1395 daAuts
     D:6: 1379 daAuts
  Lair:5: 1364 daAuts
    D:13: 1360 daAuts
  Lair:1: 1318 daAuts
  Lair:3: 1302 daAuts
     D:2: 1245 daAuts
    D:10: 1152 daAuts
